 Dungeon Crawl Stone Soup version 0.30-a0-930-gb9d0489357 (webtiles) character file.

Game seed: 9600411528053385698

470 DeathPants the Shield-Bearer (level 7, 0/37 HPs)
             Began as a Vine Stalker Fighter on Mar 23, 2023.
             Was an Initiate of Gozag.
             Slain by a hound (3 damage)
             ... on level 4 of the Dungeon.
             The game lasted 00:10:18 (2857 turns).

DeathPants the Shield-Bearer (Vine Stalker Fighter) Turns: 2857, Time: 00:10:18

Health: 0/37       AC:  4    Str: 17    XL:     7   Next: 9%
Magic:  0/17       EV: 11    Int: 10    God:    Gozag
Gold:   210        SH: 11    Dex: 13    Spells: 6/6 levels left

rFire   . . .      SeeInvis .    a - +0 rapier
rCold   + . .      Faith    .    c - +1 buckler
rNeg    . . .      Spirit   +    p - +1 leather armour of the Camelopard {rC+ MP+9 Str-2}
rPois   .          Reflect  +    (no helmet)
rElec   .          Rampage  .    (no cloak)
rCorr   .                        (no gloves)
Will    .....                    (no boots)
Stlth   +                        n - amulet of reflection
HPRegen 1.06/turn                (no ring)
MPRegen 0.15/turn                (no ring)

@: no status effects
A: fangs 2, regeneration 1, magic shield, antimagic bite, no potion heal 2
a: Renounce Religion, Potion Petition, Call Merchant, Bribe Branch


You were on level 4 of the Dungeon.
You worshipped Gozag.
Gozag was aware of your devotion.
You visited 1 branch of the dungeon, and saw 5 of its levels.

You collected 258 gold pieces.
You paid 48 gold pieces to Gozag.

Inventory:

Hand Weapons
 a - a +0 rapier (weapon)
Missiles
 f - 2 poisoned darts (quivered)
 i - 5 javelins
 u - 4 boomerangs
Armour
 c - a +1 buckler (worn)
 p - the +1 leather armour of the Camelopard (worn) {rC+ MP+9 Str-2}
   (You found it on level 2 of the Dungeon)

   Str:       It affects your strength (-2).
   rC:        It protects you from cold.
   MP:        It affects your magic capacity (+9).
Jewellery
 b - a ring of ice
 n - an amulet of reflection (around neck)
Wands
 r - a wand of roots (4)
 y - a wand of mindburst (9)
Potions
 d - 2 potions of might
 h - 2 potions of curing
 o - a potion of lignification {unknown}
 s - 2 potions of cancellation {unknown}
 t - a potion of mutation {unknown}
 w - 2 potions of heal wounds {unknown}


   Skills:
 + Level 4.2 Fighting
 + Level 3.6 Short Blades
 - Level 2.4 Armour
 + Level 2.6 Dodging
 + Level 4.2 Shields


You had 6 spell levels left.
You didn't know any spells.
Your spell library contained the following spells:

 Spells                   Type           Power      Damage    Failure   Level
 Apportation              Tloc           0%         N/A       52%         1
 Kiss of Death            Conj/Necr      0%         2d5       52%         1
 Necrotise                Necr           0%         1d4       52%         1
 Summon Small Mammal      Summ           0%         N/A       52%         1
 Confusing Touch          Hex            0%         N/A       87%         3
 Dispel Undead            Necr           0%         3d6       99%         4


Dungeon Overview and Level Annotations

Branches:
Dungeon (5/15)
 Temple: D:4-7

Altars:
Gozag
Hepliaklqana
Vehumet

Annotations:
D:4 Eustachio


Innate Abilities, Weirdness & Mutations

You have extremely sharp teeth.
Your natural rate of healing is unusually fast.
When hurt, damage is shared between your health and your magic reserves.
Your bite disrupts and absorbs the magic of your enemies.
Potions cannot restore your health.


Message History

Eustachio struggles to resist.
The hound closely misses you. You block the adder's attack.
The adder bites you.
* * * LOW HITPOINT WARNING * * *
You block the shadow imp's attack. You block the hound's attack.
You barely miss Eustachio.
Eustachio is almost dead.
The bat hits you but does no damage. The adder bites you.
You block the adder's attack. The hound bites you.
* * * LOW HITPOINT WARNING * * *
The shadow imp barely misses you. The quokka bites you.
* * * LOW HITPOINT WARNING * * *
The adder closely misses you. The adder bites you but does no damage.
Eustachio hits you with a +0 falchion.
* * * LOW HITPOINT WARNING * * *
Aiming: Mindburst
Press: ? - help, Shift-Dir - straight line, f/p - Eustachio
Aim: Eustachio, wielding a +0 falchion and wearing a +0 leather armour (almost dead, chance to affect: 64%) Eustachio struggles to resist.
You block the hound's attack. The bat barely misses you.
You block the quokka's attack. The adder closely misses you.
The shadow imp barely misses you. The adder bites you.
* * * LOW HITPOINT WARNING * * *
You are poisoned.
The adder poisons you! The hound bites you.
* * * LOW HITPOINT WARNING * * *
Eustachio mumbles some strange words.
Eustachio blinks!
Your system rejects the healing.
You feel better. You block the bat's attack. You block the adder's attack.
The quokka misses you. The hound barely misses you. The adder bites you.
* * * LOW HITPOINT WARNING * * *
The shadow imp gestures at you. You resist with significant effort.
Eustachio mumbles some strange words.
As you read the scroll of fog, it crumbles to dust.
The scroll dissolves into smoke.
You block the hound's attack.
The adder barely misses you. x2; You block the quokka's attack.
The shadow imp misses you. The hound bites you.
You die...
Your body crumbles into a pile of gold.

.##.... ..# ......
....... ..
#....#..##.#.. ..
.....#.... .. #.
#####......... .. #
#.##...#......... ..
#. #.##...#.§.......
.. #.##.##...##5S...#
.. #.........§r@S...#
.. #..........§§h...+
. #..#.##...#b.....#
#..#.............#
#..#.##5.@#......#
##..#...............
.
#....................
.
#...)................
. ##.................
.


You could see a hound, 2 adders, a white imp (summoned), a shadow imp
(summoned), a quokka (summoned) and a bat (summoned).

Vanquished Creatures
  An ogre (D:4)
  2 scorpions (D:4)
  2 orc priests (D:4)
  2 orc wizards
  A sleepcap (D:4)
  4 adders
  A worm (D:4)
  4 dart slugs
  10 orcs
  3 endoplasms
  4 giant cockroaches
  5 goblins
  9 hobgoblins
  7 jackals
  2 quokkas (D:3)
  4 ball pythons
  7 bats
  A frilled lizard (D:2)
  5 kobolds
  6 rats
80 creatures vanquished.

Vanquished Creatures (others)
  3 withered plants (D:2)
3 creatures vanquished.

Grand Total: 83 creatures vanquished

Notes
Turn   | Place    | Note
-------+----------+-------------------------------------------
     0 | D:1      | DeathPants the Vine Stalker Fighter began the quest for the
                  | Orb.
     0 | D:1      | Reached XP level 1. HP: 11/11 MP: 2/2
   154 | D:1      | Reached XP level 2. HP: 13/16 MP: 3/3
   552 | D:1      | Reached XP level 3. HP: 20/20 MP: 4/4
   676 | D:1      | Reached skill level 1 in Dodging
   891 | D:2      | Gained mutation: Your natural rate of healing is unusually
                  | fast. [Vine Stalker growth]
   891 | D:2      | Reached XP level 4. HP: 24/24 MP: 5/5
   925 | D:2      | Identified the +1 leather armour of the Camelopard {rC+
                  | MP+9 Str-2}
  1439 | D:2      | Found a faded altar of an unknown god.
  1675 | D:3      | Reached XP level 5. HP: 28/28 MP: 6/6
  2141 | D:3      | You fall into a shaft and drop 1 floor!
  2301 | D:3      | Found an opulent altar of Gozag.
  2309 | D:3      | Became a worshipper of Gozag Ym Sagoz the Greedy
  2481 | D:4      | Reached XP level 6. HP: 26/33 MP: 7/7
  2543 | D:5      | Entered Level 5 of the Dungeon
  2638 | D:4      | Found a radiant altar of Vehumet.
  2640 | D:4      | Found a hazy altar of Hepliaklqana.
  2801 | D:4      | Reached XP level 7. HP: 28/37 MP: 8/8
  2840 | D:4      | Noticed Eustachio
  2855 | D:4      | HP: 1/37 [hound (3)]
  2857 | D:4      | Slain by a hound

Illustrated notes

Levels and vault maps discovered:
D:1:      lightli_arrival_isolated_outpost, layout_basic
D:2:      layout_basic, ebering_ecumenical_altar_petrified
D:3:      layout_loops_ring, mainiacjoe_overflow_alcove_2,
          kennysheep_generic_room_12
D:4:      layout_basic, nicolae_overflow_hidden_temple, uniq_sigmund,
          uniq_eustachio
D:5:      layout_loops_ring, uniq_blork_the_orc

Skill      XL: |  1  2  3  4  5  6 |
---------------+-------------------+-----
Short Blades   | 2 3 |  3.6
Shields        | 3 4 |  4.2
Fighting       | 3 4 |  4.2
Dodging        | 1 2 |  2.6
Armour         | |  2.4

Action                     |  1- 3 |  4- 6 |  7- 9 || total
---------------------------+-------+-------+-------++-------
  Melee: Rapier            |   102 |   179 |    23 ||   304
         Bite              |    22 |    56 |     7 ||    85
  Throw: Javelin           |       |     1 |       ||     1
  Evoke: Wand              |       |     3 |     5 ||     8
    Use: Scroll            |       |    10 |     1 ||    11
         Potion            |       |       |     1 ||     1
   Stab: Sleeping          |       |     1 |       ||     1
         Distracted        |       |     1 |       ||     1
 Armour: Scale mail        |    53 |       |       ||    53
         Leather armour    |       |    33 |     9 ||    42
  Dodge: Dodged            |    55 |    56 |    28 ||   139
  Block: Buckler           |    25 |    78 |    26 ||   129
         Reflection        |       |     3 |       ||     3

Table legend: (Time is in decaauts)
 A = Elapsed time spent in this place.
 B = Non-inter-level travel time spent in this place.
 C = Inter-level travel time spent in this place.
 D = Time resting spent in this place.
 E = Time spent auto-exploring this place.
 F = Levels seen in this place.
 G = Mean time per level.
                   A        B        C        D        E       F      G
               +--------+--------+--------+--------+--------+-----+--------+
         Total |   2901 |   2801 |    100 |    251 |   1558 |   5 |  580.2 |
       Dungeon |   2901 |   2801 |    100 |    251 |   1558 |   5 |  580.2 |
               +--------+--------+--------+--------+--------+-----+--------+

Top non-repeatable levels by time:
     D:2: 892 daAuts
     D:3: 779 daAuts
     D:1: 690 daAuts
     D:4: 536 daAuts
     D:5: 1 daAuts
